Map: Odyssey LE

Players

SamuraiFunn

  • Race: Protoss Protoss
  • Spawn Location: 11:00

A.I. 1 (Very Hard) - Winner!

  • Race: Protoss Protoss
  • Spawn Location: 5:00

VOD

Have the link to the VOD?

Description

Time

  • Played on: Nov. 21, 2017, 10:50 p.m.
  • Length: 10:58
Show
View Real Time Build Order
Export as new Build Order

SamuraiFunn Protoss 

Build Orders: Double Forge 

Get SALT Encoding   

  12  0:01  Probe  
  13  0:16  Pylon  
  13  0:22  Probe  
  14  0:34  Probe  
  15  0:37  Gateway  
  15  0:46  Probe  
  16  0:52  Assimilator  
  16  0:58  Probe (Chrono Boost)  
  17  1:10  Probe (Chrono Boost)  
  18  1:15  Probe (Chrono Boost)  
  19  1:25  Probe (Chrono Boost)  
  20  1:31  Cybernetics Core  
  21  1:34  Probe (Chrono Boost)  
  21  1:36  Pylon  
  21  1:39  Probe  
  22  1:40  Assimilator  
  22  1:51  Probe  
  23  2:11  Pylon  
  23  2:15  Nexus  
  23  2:19  Probe  
  24  2:26  Warp Gate (Chrono Boost)  
  24  2:31  Probe  
  24  2:34  Gateway  
  25  2:44  Probe  
  25  2:50  Adept  
  28  3:07  Gateway  
  28  3:08  Gateway  
  28  3:20  Pylon  
  28  3:22  Probe  
  28  3:23  Assimilator  
  29  3:34  Probe  
  30  3:52  Twilight Council  
  30  4:01  Forge x2  
  30  4:06  Probe x2  
  32  4:18  Probe x2  
  32  4:19  Stalker x4  
  32  4:22  Assimilator  
  42  4:31  Probe  
  42  4:32  Probe  
  42  4:36  Protoss Ground Armor Level 1, Protoss Ground Weapons Level 1  
  44  4:42  Blink  
  44  4:44  Probe  
  45  5:00  Robotics Facility  
  45  5:01  Stalker  
  45  5:02  Stalker  
  45  5:04  Probe  
  50  5:17  Probe x2  
  52  5:32  Nexus  
  52  5:34  Pylon  
  52  5:38  Probe x2  
  52  5:41  Stalker  
  56  5:43  Stalker  
  56  5:44  Stalker  
  60  5:55  Observer  
  61  6:00  Stalker  
  63  6:16  Probe x2, Pylon  
  65  6:18  Stalker x2  
  69  6:35  Pylon  
  69  6:38  Pylon  
  69  6:45  Observer  
  70  6:49  Stalker x3  
  70  6:51  Stalker  
  79  6:54  Probe x2  
  80  7:05  Warp Prism  
  82  7:31  Probe x3  
  82  7:34  Zealot x4  
  93  7:38  Charge (Chrono Boost)  
  93  7:42  Protoss Ground Weapons Level 2  
  93  7:43  Protoss Ground Armor Level 2  
  93  7:47  Assimilator  
  93  7:50  Assimilator  
  93  7:52  Probe x2  
  93  7:53  Pylon  
  93  7:54  Probe  
  93  7:57  Zealot  
  93  7:58  Zealot x3  
  104  8:07  Pylon  
  104  8:11  Pylon  
  104  8:17  Robotics Facility  
  104  8:22  Gateway  
  104  8:23  Gateway  
  104  8:25  Gateway  
  104  8:36  Stalker  
  104  8:37  Stalker x3  
  112  9:08  Stalker x4  
  120  9:20  Pylon  
  120  9:22  Pylon  
  120  9:23  Pylon  
  96  9:43  Nexus  
  96  9:45  Stalker x2  
  78  9:46  Stalker x4  
  78  9:47  Stalker  
  78  9:50  Immortal  
  82  9:53  Immortal  
  64  10:16  Zealot  
  64  10:17  Zealot x5  
Show
View Real Time Build Order
Export as new Build Order

A.I. 1 (Very Hard) Protoss - Winner!

Build Orders: Colossus Rush 

Get SALT Encoding   

  12  0:00  Probe  
  13  0:13  Probe  
  14  0:20  Pylon  
  14  0:25  Probe  
  15  0:38  Probe  
  16  0:47  Assimilator  
  16  0:50  Gateway, Probe  
  17  1:01  Pylon  
  17  1:02  Probe  
  18  1:14  Probe  
  19  1:26  Probe  
  20  1:37  Zealot  
  20  1:38  Probe  
  23  1:41  Cybernetics Core  
  23  1:50  Probe  
  24  2:02  Probe  
  24  2:03  Nexus  
  25  2:14  Probe  
  26  2:18  Warp Gate  
  26  2:22  Stalker  
  28  2:27  Probe  
  29  2:35  Pylon  
  29  2:39  Probe  
  30  2:45  Gateway  
  30  2:49  Assimilator  
  30  2:51  Probe  
  31  2:56  Adept  
  33  3:03  Probe  
  33  3:04  Pylon  
  34  3:15  Probe x2  
  36  3:24  Adept  
  38  3:27  Probe x2  
  40  3:34  Robotics Facility  
  40  3:37  Adept  
  40  3:39  Probe  
  43  3:41  Probe  
  44  3:51  Probe, Adept  
  44  3:53  Probe  
  48  4:03  Probe  
  48  4:04  Adept  
  48  4:06  Probe  
  52  4:15  Probe  
  53  4:18  Probe, Adept  
  56  4:24  Robotics Bay  
  56  4:27  Observer  
  56  4:28  Probe, Pylon  
  56  4:30  Probe  
  59  4:36  Robotics Facility  
  59  4:40  Probe, Pylon  
  59  4:43  Stalker  
  62  4:52  Probe  
  63  4:53  Probe, Pylon, Stalker  
  66  5:16  Gateway  
  66  5:23  Zealot  
  66  5:25  Pylon  
  66  5:26  Zealot  
  66  5:27  Colossus  
  76  5:39  Pylon  
  76  5:43  Zealot  
  76  5:44  Probe x2  
  76  5:46  Assimilator  
  76  5:47  Zealot  
  82  5:50  Twilight Council  
  82  5:52  Assimilator  
  82  6:04  Stalker  
  84  6:08  Probe  
  84  6:09  Probe  
  86  6:20  Probe  
  86  6:21  Probe  
  88  6:25  Forge  
  88  6:27  Pylon  
  88  6:30  Dark Shrine  
  88  6:33  Probe  
  88  6:35  Forge  
  88  6:37  Pylon  
  89  6:40  Sentry  
  89  6:42  Gateway  
  89  6:45  Stalker  
  93  6:49  Stalker  
  95  7:01  Photon Cannon  
  95  7:03  Nexus, Stalker  
  95  7:05  Pylon  
  95  7:08  Sentry  
  99  7:13  Stalker  
  101  7:24  Immortal  
  101  7:27  Stalker  
  107  7:33  Photon Cannon  
  107  7:38  Stalker  
  107  7:39  Photon Cannon  
  107  7:40  Pylon  
  107  7:42  Dark Templar x2  
  113  7:50  Stalker  
  115  7:57  Immortal  
  119  8:02  Stalker  
  119  8:04  Pylon  
  121  8:13  Sentry  
  121  8:15  Probe x3, Protoss Ground Weapons Level 1  
  121  8:19  Archon  
  126  8:27  Probe, Dark Templar  
  126  8:28  Probe x2  
  126  8:30  Assimilator  
  126  8:31  Pylon  
  126  8:32  Assimilator  
  131  8:39  Probe  
  131  8:40  Probe x2, Dark Templar  
  136  8:46  Photon Cannon  
  136  8:50  Protoss Ground Armor Level 1  
  136  8:51  Photon Cannon, Probe  
  136  8:53  Probe x2  
  139  8:55  Pylon  
  139  8:58  Archon, Immortal  
  143  9:03  Probe  
  143  9:05  Probe  
  143  9:06  Probe, Dark Templar  
  148  9:14  Dark Templar  
  148  9:15  Probe  
  148  9:16  Photon Cannon  
  151  9:17  Probe  
  151  9:18  Probe  
  151  9:19  Photon Cannon  
  151  9:21  Immortal  
  151  9:23  Pylon  
  151  9:24  Stalker  
  159  9:27  Stalker  
  159  9:30  Archon  
  149  9:39  Zealot  
  131  9:46  Dark Templar  
  131  9:47  Zealot  
  131  9:50  Sentry  
  129  9:59  Warp Prism, Zealot  
  131  10:00  Photon Cannon  
  127  10:07  Adept  
  127  10:10  Warp Prism  
  127  10:12  Adept  
  133  10:18  Sentry  
  133  10:19  Adept  
  137  10:27  Sentry  
  139  10:31  Gateway  
  139  10:32  Zealot  
  139  10:34  Photon Cannon, Nexus  
  141  10:36  Observer  
  141  10:39  Sentry  
  141  10:41  Stalker  
  145  10:50  Zealot  
  145  10:51  Pylon  
  145  10:52  Adept  
Tags
 
Matchup
PvP
Replay Pack
First 100 games
Spawn Locations
Cross Positions
Add a new tag
Caveats
  • Supply blocks, unpowered buildings, or Contaminate may cause inaccurate times.
  • Supply counts are checked every 10 seconds.